 Dungeon Crawl Stone Soup version 0.29-a0-892-g2c4c91d9db (webtiles) character file.

Game seed: 5865671442648304684

165 jimonade the Skirmisher (level 5, -1/43 HPs)
             Began as a Gnoll Hunter on July 22, 2022.
             Succumbed to a hobgoblin's poison
             ... on level 1 of the Dungeon.
             The game lasted 00:04:15 (1990 turns).

jimonade the Skirmisher (Gnoll Hunter)              Turns: 1990, Time: 00:04:16

Health: -1/43      AC:  4    Str: 10    XL:     5   Next: 46%
Magic:  7/7        EV: 13    Int: 10    God:
Gold:   72         SH:  0    Dex: 16    Spells: 7/7 levels left

rFire   . . .      SeeInvis .   b - +6 short sword (vamp)
rCold   . . .      Faith    .   (no shield)
rNeg    . . .      Spirit   .   c - +1 leather armour
rPois   .          Reflect  .   (helmet restricted)
rElec   .          Harm     .   (no cloak)
rCorr   .          Rampage  .   (no gloves)
Will    .....                   (no boots)
Stlth   ++........              (no amulet)
HPRegen 0.14/turn               (no ring)
MPRegen 0.10/turn               (no ring)

@: lethally poisoned (-1 -> -6)
A: fangs 1, strong nose, distributed training, antennae 1, evolution 1
a: no special abilities


You were on level 1 of the Dungeon.
You visited 1 branch of the dungeon, and saw 2 of its levels.

You collected 72 gold pieces.

Inventory:

Hand Weapons
 a - a +0 shortbow
 b - a +6 vampiric short sword (weapon)
 e - a +0 spear
 h - a +1 dagger of venom
 k - a +0 sling
 p - a +4 short sword
Missiles
 o - 3 javelins
Armour
 c - a +1 leather armour (worn)
 q - a +2 helmet
Scrolls
 d - a scroll of noise {unknown}
 f - a scroll of immolation
 j - a scroll of fog
 n - a scroll of teleportation {unknown}
Potions
 i - a potion of lignification {unknown}
 l - a potion of mutation
 m - a potion of brilliance {unknown}
 r - a potion of berserk rage {unknown}


   Skills:
 + Level 4.8 Fighting
 + Level 1.6 Short Blades
 + Level 1.6 Long Blades
 + Level 1.6 Axes
 + Level 1.6 Maces & Flails
 + Level 1.6 Polearms
 + Level 1.6 Staves
 + Level 8.6 Ranged Weapons
 + Level 1.6 Throwing
 + Level 1.6 Armour
 + Level 4.8 Dodging
 + Level 2.8 Stealth
 + Level 1.6 Shields
 + Level 1.6 Unarmed Combat
 + Level 1.6 Spellcasting
 + Level 1.2 Conjurations
 + Level 1.2 Hexes
 + Level 1.2 Summonings
 + Level 1.2 Necromancy
 + Level 1.2 Translocations
 + Level 1.2 Transmutations
 + Level 1.2 Fire Magic
 + Level 1.2 Ice Magic
 + Level 1.2 Air Magic
 + Level 1.2 Earth Magic
 + Level 1.2 Poison Magic
 + Level 1.8 Invocations
 + Level 1.6 Evocations


You had 7 spell levels left.
You didn't know any spells.
Your spell library contained the following spells:

 Spells                   Type           Power      Damage    Failure   Level
 Freezing Cloud           Conj/Ice/Air   1%         6-21      100%        5
 Simulacrum               Ice/Necr       1%         N/A       100%        6
 Polar Vortex             Ice            1%         N/A       100%        9


Dungeon Overview and Level Annotations

Branches:
Dungeon (2/15)

Altars:

Shops:
D:1 ?   D:2 [

Annotations:
D:2 Sigmund


Innate Abilities, Weirdness & Mutations

You have very sharp teeth.
Your uncanny sense of smell can sniff out nearby items.
Your experience applies equally to all skills.
You have a pair of small antennae on your head.
You have hidden genetic potential.


Message History

Something hits you!
Deactivating autopickup; reactivate with Ctrl-A.
There is a stone staircase leading up here.
The quokka misses you. Something hits you!
You hit the quokka.
You feel better.
You kill the quokka!
You hit the hobgoblin.
The hobgoblin is almost dead.
Something hits you. The hobgoblin closely misses you. Something hits you.
The hobgoblin attacks as you move away!
The hobgoblin hits you with a +2 hand axe of venom.
You are poisoned.
You feel very sick.
There is a stone staircase leading up here.
You feel sick. Something hits you.
The hobgoblin hits you with a +2 hand axe of venom.
* * * LOW HITPOINT WARNING * * *
You are lethally poisoned!
You climb upwards.
Reactivating autopickup.
* * * LOW HITPOINT WARNING * * *
You feel very sick.
There is a stone staircase leading down here.
You puncture the hobgoblin!
You feel better.
You kill the hobgoblin!
* * * LOW HITPOINT WARNING * * *
You feel very sick.
Okay, then.
As you read the scroll labelled AWAUWY TECLU, it crumbles to dust.
The scroll dissolves into smoke.
It was a scroll of fog.
* * * LOW HITPOINT WARNING * * *
You feel sick.
It was a potion of mutation.
You feel extremely strange. A pair of antennae grows on your head!
You feel a hidden potential growing inside you.
* * * LOW HITPOINT WARNING * * *
You feel sick.
As you read the scroll labelled BIHOMU WESIOTTOW, it crumbles to dust.
It is a scroll of enchant armour.
Your +0 leather armour glows green for a moment.
You die...

..#.########.#.#
..#.###### #...#
..#......# ##..#
..#......# #..#
..#......# ##.##
..'......# #..#
.##......# #§§##
.##......# ###§§#####
.##......####.§§@§§..#
.##......#....§§§§§..#
.##...####.....§§§§..#
.##...# #....§......#
.##...# #...........#
###...# #...........#
#...# #....#####.##
###### ##### #....#
#.# #....# #....#
#.#######.##.#


There were no monsters in sight!

Vanquished Creatures
  Terence (D:2)
  Jessica (D:2)
  Robin (D:2)
  3 gnolls (D:2)
  An adder (D:2)
  3 dart slugs
  A ball python (D:1)
  6 bats
  A giant cockroach (D:1)
  12 goblins
  9 hobgoblins
  7 jackals (D:2)
  2 quokkas (D:2)
  A frilled lizard (D:1)
  3 kobolds
  4 rats
56 creatures vanquished.

Vanquished Creatures (others)
  14 plants (D:2)
14 creatures vanquished.

Grand Total: 70 creatures vanquished

Notes
Turn   | Place    | Note
-------+----------+-------------------------------------------
     0 | D:1      | jimonade the Gnoll Hunter began the quest for the Orb.
     0 | D:1      | Reached XP level 1. HP: 20/20 MP: 1/1
     7 | D:1      | Noticed a black mamba
     7 | D:1      | Noticed a swamp worm
     8 | D:1      | Noticed a five-headed hydra
     8 | D:1      | Noticed a wolf
    73 | D:1      | Found a faded altar of an unknown god.
    78 | D:1      | Reached XP level 2. HP: 26/26 MP: 2/2
   739 | D:1      | Found Huorchad's Magic Scroll Shoppe.
  1024 | D:2      | Noticed Jessica
  1025 | D:2      | Reached XP level 3. HP: 29/31 MP: 3/3
  1028 | D:2      | Killed Jessica
  1029 | D:2      | Reached skill level 1 in Short Blades
  1029 | D:2      | Reached skill level 1 in Long Blades
  1029 | D:2      | Reached skill level 1 in Axes
  1029 | D:2      | Reached skill level 1 in Maces & Flails
  1029 | D:2      | Reached skill level 1 in Polearms
  1029 | D:2      | Reached skill level 1 in Staves
  1029 | D:2      | Reached skill level 1 in Throwing
  1029 | D:2      | Reached skill level 1 in Armour
  1029 | D:2      | Reached skill level 1 in Shields
  1029 | D:2      | Reached skill level 1 in Unarmed Combat
  1029 | D:2      | Reached skill level 1 in Spellcasting
  1029 | D:2      | Reached skill level 1 in Invocations
  1029 | D:2      | Reached skill level 1 in Evocations
  1121 | D:2      | Noticed Robin
  1128 | D:2      | Reached XP level 4. HP: 30/38 MP: 5/5
  1136 | D:2      | Noticed Terence
  1140 | D:2      | Killed Robin
  1499 | D:2      | Killed Terence
  1500 | D:2      | Reached skill level 1 in Conjurations
  1500 | D:2      | Reached skill level 1 in Hexes
  1500 | D:2      | Reached skill level 1 in Summonings
  1500 | D:2      | Reached skill level 1 in Necromancy
  1500 | D:2      | Reached skill level 1 in Translocations
  1500 | D:2      | Reached skill level 1 in Transmutations
  1500 | D:2      | Reached skill level 1 in Fire Magic
  1500 | D:2      | Reached skill level 1 in Ice Magic
  1500 | D:2      | Reached skill level 1 in Air Magic
  1500 | D:2      | Reached skill level 1 in Earth Magic
  1500 | D:2      | Reached skill level 1 in Poison Magic
  1680 | D:2      | Found Eboic's Antique Armour Boutique.
  1714 | D:2      | Reached XP level 5. HP: 43/43 MP: 7/7
  1955 | D:2      | Noticed Sigmund
  1988 | D:1      | HP: 2/43 [poisoned by a hobgoblin]
  1989 | D:1      | Gained mutation: You have a pair of small antennae on your
                  | head. [potion of mutation]
  1989 | D:1      | Gained mutation: You have hidden genetic potential. [potion
                  | of mutation]
  1990 | D:1      | Succumbed to a hobgoblin's poison

Illustrated notes

Levels and vault maps discovered:
D:1:      onia_arrival_zoo_common, layout_basic, serial_shops,
          nicolae_square_shop, hellmonk_ecumenical_altar_run_dry
D:2:      layout_basic, serial_shops, shop, nicolae_grassy_gnolls, uniq_terence,
          uniq_robin, uniq_sigmund, uniq_jessica

Skill      XL: |  1  2  3  4 |
---------------+-------------+-----
Short Blades   | 1 |  1.6
Long Blades    | 1 |  1.6
Axes           | 1 |  1.6
Maces & Flails | 1 |  1.6
Polearms       | 1 |  1.6
Staves         | 1 |  1.6
Throwing       | 1 |  1.6
Armour         | 1 |  1.6
Shields        | 1 |  1.6
Unarmed Combat | 1 |  1.6
Spellcasting   | 1 |  1.6
Invocations    | 1 |  1.8
Evocations     | 1 |  1.6
Conjurations   | 1 |  1.2
Hexes          | 1 |  1.2
Summonings     | 1 |  1.2
Necromancy     | 1 |  1.2
Translocations | 1 |  1.2
Transmutations | 1 |  1.2
Fire Magic     | 1 |  1.2
Ice Magic      | 1 |  1.2
Air Magic      | 1 |  1.2
Earth Magic    | 1 |  1.2
Poison Magic   | 1 |  1.2
Fighting       | |  4.8
Ranged Weapons | |  8.6
Dodging        | |  4.8
Stealth        | |  2.8

Action                   |  1- 3 |  4- 6 || total
-------------------------+-------+-------++-------
Melee: Dagger            |     8 |    25 ||    33
       Short sword       |       |    30 ||    30
       Bite              |       |     3 ||     3
       Punch             |       |     1 ||     1
 Fire: Shortbow          |    59 |    30 ||    89
  Use: Scroll            |       |     2 ||     2
       Potion            |       |     1 ||     1
Armor: Leather armour    |     6 |    11 ||    17
Dodge: Dodged            |    17 |    49 ||    66

Table legend: (Time is in decaauts)
 A = Elapsed time spent in this place.
 B = Non-inter-level travel time spent in this place.
 C = Inter-level travel time spent in this place.
 D = Time resting spent in this place.
 E = Time spent auto-exploring this place.
 F = Levels seen in this place.
 G = Mean time per level.
                   A        B        C        D        E       F      G
               +--------+--------+--------+--------+--------+-----+--------+
         Total |   1994 |   1947 |     47 |    519 |   1034 |   2 |  997.0 |
       Dungeon |   1994 |   1947 |     47 |    519 |   1034 |   2 |  997.0 |
               +--------+--------+--------+--------+--------+-----+--------+

Top non-repeatable levels by time:
     D:1: 1243 daAuts
     D:2: 751 daAuts
